[ AOE2 MATCH · #469998103 ]
UnrankedChinese vs Malay
[ REPLAY ANALYSIS · EXTRACTED FROM THE RECORDED GAME ]
Feudal
10:12
Castle
21:53
Imperial
39:59
| APM avg | 27.0 |
| APM peak | 62 |
| eAPM avg | 16.1 |
| Villagers / military | 119 / 39 |
Focus
⚔️ 31.6% · 🌾 68.4%
Chu Ko Nu ×26 · Trade Cart ×15 · Battering Ram ×10 · Trebuchet (Packed) ×3
Feudal
14:26
Castle
18:36
Imperial
33:27
| APM avg | 18.4 |
| APM peak | 76 |
| eAPM avg | 13.5 |
| Villagers / military | 193 / 25 |
Focus
⚔️ 12.7% · 🌾 87.3%
Mangudai ×25 · Trade Cart ×6
Feudal
10:59
Castle
15:44
Imperial
34:20
| APM avg | 23.0 |
| APM peak | 61 |
| eAPM avg | 18.3 |
| Villagers / military | 260 / 18 |
Focus
⚔️ 17.3% · 🌾 82.7%
Trade Cart ×64 · Knight ×17 · Monk ×1
Feudal
18:41
Castle
26:25
Imperial
43:30
| APM avg | 28.7 |
| APM peak | 57 |
| eAPM avg | 22.1 |
| Villagers / military | 175 / 122 |
Focus
⚔️ 28.0% · 🌾 72.0%
War Elephant ×98 · Battering Ram ×16 · Mangonel ×7 · Monk ×1
Feudal
—
Castle
—
Imperial
—
| APM avg | 1228.5 |
| APM peak | 17465 |
| eAPM avg | 1228.4 |
| Villagers / military | 0 / 0 |
Focus
⚔️ 77.7% · 🌾 22.3%
Feudal
—
Castle
—
Imperial
—
| APM avg | 7614.0 |
| APM peak | 34094 |
| eAPM avg | 7613.7 |
| Villagers / military | 0 / 110 |
Focus
⚔️ 92.6% · 🌾 7.4%
Spearman ×54 · Huskarl ×19 · Militia ×13 · Skirmisher ×8 · Monk ×6 · Cavalry Archer ×6
Feudal
—
Castle
—
Imperial
—
| APM avg | 629.7 |
| APM peak | 8174 |
| eAPM avg | 629.4 |
| Villagers / military | 0 / 0 |
Focus
⚔️ 50.5% · 🌾 49.5%
Feudal
—
Castle
—
Imperial
—
| APM avg | 696.8 |
| APM peak | 9944 |
| eAPM avg | 696.5 |
| Villagers / military | 0 / 0 |
Focus
⚔️ 35.8% · 🌾 64.2%
Match map
Initial resources + every placement click. Lines = walls · curves = elevation contours. ◆ gold · ⬟ stone · ● berries · ✦ relic · ◌ wall gap
Inputs per minute
— Dirty Dancer - - noob
Build order — Dirty Dancer
First 150 of 424 actions detected
| 0:05 | Research | Loom |
| 0:46 | Create | Villager (Male) |
| 1:15 | Create | Villager (Male) |
| 1:44 | Create | Villager (Male) |
| 2:12 | Create | Villager (Male) |
| 2:29 | Create | Villager (Male) |
| 2:45 | Build | House |
| 3:02 | Create | Villager (Male) |
| 3:02 | Create | Villager (Male) |
| 3:28 | Build | House |
| 3:30 | Build | House |
| 3:40 | Build | Lumber Camp |
| 3:48 | Create | Villager (Male) |
| 3:49 | Create | Villager (Male) |
| 4:35 | Create | Villager (Male) |
| 4:55 | Create | Villager (Male) |
| 4:55 | Create | Villager (Male) |
| 4:55 | Create | Villager (Male) |
| 5:45 | Create | Villager (Male) |
| 6:14 | Create | Villager (Male) |
| 6:17 | Build | Mill |
| 6:28 | Create | Villager (Male) |
| 6:52 | Create | Villager (Male) |
| 7:35 | Build | Mill |
| 7:46 | Research | Feudal Age |
| 9:20 | Create | Villager (Male) |
| 9:20 | Create | Villager (Male) |
| 9:29 | Build | House |
| 9:30 | Build | House |
| 9:30 | Build | House |
| 9:32 | Build | House |
| 9:33 | Build | House |
| 10:12 | Age | Feudal Age |
| 10:14 | Build | Building 487 |
| 10:35 | Build | Mining Camp |
| 10:40 | Create | Villager (Male) |
| 11:24 | Create | Villager (Male) |
| 11:36 | Research | Double-Bit Axe |
| 11:55 | Create | Villager (Male) |
| 12:12 | Create | Villager (Male) |
| 12:31 | Build | Stone Wall |
| 12:32 | Build | Stone Wall |
| 12:42 | Build | House |
| 12:43 | Build | House |
| 12:48 | Build | Stone Wall |
| 12:48 | Build | Stone Wall |
| 12:52 | Create | Villager (Male) |
| 12:59 | Build | Stone Wall |
| 12:59 | Build | Stone Wall |
| 13:00 | Build | Stone Wall |
| 13:00 | Build | Stone Wall |
| 13:01 | Build | Stone Wall |
| 13:01 | Build | Stone Wall |
| 13:06 | Build | Stone Wall |
| 13:07 | Build | Stone Wall |
| 13:17 | Build | Stone Wall |
| 13:18 | Build | Stone Wall |
| 13:18 | Build | Stone Wall |
| 13:19 | Build | Stone Wall |
| 13:19 | Build | Stone Wall |
| 13:20 | Build | Stone Wall |
| 13:21 | Build | Stone Wall |
| 13:27 | Create | Villager (Male) |
| 13:36 | Build | Stone Wall |
| 13:36 | Build | Stone Wall |
| 13:37 | Build | Stone Wall |
| 13:37 | Build | Stone Wall |
| 13:38 | Build | Stone Wall |
| 13:38 | Build | Stone Wall |
| 13:38 | Build | Stone Wall |
| 13:39 | Build | Stone Wall |
| 13:39 | Build | Stone Wall |
| 13:43 | Create | Villager (Male) |
| 13:49 | Build | Market |
| 13:53 | Build | Blacksmith |
| 14:28 | Create | Villager (Male) |
| 14:30 | Research | Horse Collar |
| 14:34 | Build | Farm |
| 14:35 | Build | Farm |
| 14:36 | Build | Farm |
| 14:37 | Build | Farm |
| 14:38 | Build | Farm |
| 15:11 | Create | Villager (Male) |
| 15:13 | Build | Farm |
| 15:43 | Build | Lumber Camp |
| 15:46 | Build | Stone Wall |
| 15:46 | Build | Stone Wall |
| 15:54 | Build | Stone Wall |
| 15:57 | Build | Stone Wall |
| 15:58 | Build | Stone Wall |
| 16:16 | Build | Mining Camp |
| 16:19 | Build | Stone Wall |
| 16:20 | Build | Stone Wall |
| 16:20 | Build | Stone Wall |
| 16:20 | Build | Stone Wall |
| 16:21 | Build | Stone Wall |
| 16:21 | Build | Stone Wall |
| 16:25 | Build | Stone Wall |
| 16:25 | Build | Stone Wall |
| 16:26 | Build | Stone Wall |
| 16:26 | Build | Stone Wall |
| 16:27 | Build | Stone Wall |
| 16:27 | Build | Stone Wall |
| 16:32 | Create | Villager (Male) |
| 16:33 | Build | Farm |
| 16:42 | Build | Mining Camp |
| 17:00 | Build | Stone Wall |
| 17:01 | Build | Stone Wall |
| 17:15 | Build | Stone Wall |
| 17:20 | Create | Villager (Male) |
| 17:21 | Create | Villager (Male) |
| 17:23 | Build | Farm |
| 17:24 | Build | Farm |
| 17:59 | Build | Farm |
| 18:11 | Create | Villager (Male) |
| 18:14 | Build | Farm |
| 18:43 | Build | Stone Wall |
| 18:48 | Create | Villager (Male) |
| 18:56 | Build | Farm |
| 19:04 | Build | Stone Wall |
| 19:06 | Build | Stone Wall |
| 19:07 | Build | Stone Wall |
| 19:10 | Research | Castle Age |
| 20:01 | Research | Gold Mining |
| 20:03 | Research | Stone Mining |
| 20:11 | Build | Stone Wall |
| 20:12 | Build | Stone Wall |
| 20:31 | Build | Stone Wall |
| 20:31 | Build | Stone Wall |
| 20:31 | Build | Stone Wall |
| 20:32 | Build | Stone Wall |
| 20:32 | Build | Stone Wall |
| 20:33 | Build | Stone Wall |
| 20:48 | Build | Stone Wall |
| 20:49 | Build | Stone Wall |
| 21:10 | Build | Mill |
| 21:17 | Build | Stone Wall |
| 21:17 | Build | Stone Wall |
| 21:18 | Build | Stone Wall |
| 21:18 | Build | Stone Wall |
| 21:19 | Build | Stone Wall |
| 21:19 | Build | Stone Wall |
| 21:20 | Build | Stone Wall |
| 21:24 | Create | Trade Cart |
| 21:47 | Build | Stone Wall |
| 21:51 | Create | Villager (Male) |
| 21:53 | Age | Castle Age |
| 22:02 | Build | Town Center |
| 22:19 | Build | Stone Wall |
| 22:20 | Build | Stone Wall |
Build order — noob
First 150 of 377 actions detected
| 0:04 | Build | House |
| 0:06 | Research | Loom |
| 0:07 | Create | Villager (Male) |
| 0:07 | Create | Villager (Male) |
| 0:07 | Create | Villager (Male) |
| 0:28 | Create | Villager (Male) |
| 0:28 | Create | Villager (Male) |
| 0:33 | Build | House |
| 0:34 | Build | House |
| 0:35 | Build | House |
| 1:41 | Create | Villager (Male) |
| 1:42 | Create | Villager (Male) |
| 2:29 | Create | Villager (Male) |
| 2:45 | Create | Villager (Male) |
| 3:13 | Create | Villager (Male) |
| 3:23 | Create | Villager (Male) |
| 4:02 | Create | Villager (Male) |
| 4:36 | Create | Villager (Male) |
| 4:50 | Create | Villager (Male) |
| 4:51 | Create | Villager (Male) |
| 5:21 | Build | Lumber Camp |
| 5:26 | Create | Villager (Male) |
| 5:26 | Create | Villager (Male) |
| 5:27 | Create | Villager (Male) |
| 6:06 | Create | Villager (Male) |
| 6:06 | Create | Villager (Male) |
| 6:38 | Build | Mill |
| 6:43 | Create | Villager (Male) |
| 6:43 | Create | Villager (Male) |
| 7:44 | Build | Mill |
| 8:15 | Create | Villager (Male) |
| 8:39 | Build | House |
| 9:11 | Create | Villager (Male) |
| 9:28 | Create | Villager (Male) |
| 9:28 | Create | Villager (Male) |
| 9:28 | Create | Villager (Male) |
| 9:28 | Create | Villager (Male) |
| 9:29 | Create | Villager (Male) |
| 9:30 | Create | Villager (Male) |
| 9:30 | Create | Villager (Male) |
| 9:31 | Create | Villager (Male) |
| 9:32 | Create | Villager (Male) |
| 10:01 | Create | Villager (Male) |
| 10:02 | Create | Villager (Male) |
| 11:35 | Build | House |
| 12:09 | Build | House |
| 12:16 | Research | Feudal Age |
| 12:41 | Build | House |
| 13:13 | Create | Villager (Male) |
| 13:41 | Build | House |
| 13:44 | Build | Farm |
| 13:46 | Build | Farm |
| 13:47 | Build | Farm |
| 13:48 | Build | Farm |
| 13:59 | Build | House |
| 14:00 | Build | House |
| 14:26 | Age | Feudal Age |
| 14:35 | Build | Market |
| 14:43 | Build | Blacksmith |
| 14:52 | Research | Double-Bit Axe |
| 14:54 | Create | Villager (Male) |
| 15:13 | Research | Horse Collar |
| 15:22 | Build | Farm |
| 15:24 | Build | Farm |
| 15:25 | Build | Farm |
| 15:26 | Build | Farm |
| 15:28 | Build | Farm |
| 15:30 | Create | Villager (Male) |
| 15:36 | Build | Farm |
| 15:37 | Build | Farm |
| 15:53 | Build | Mining Camp |
| 15:56 | Research | Castle Age |
| 17:07 | Create | Villager (Male) |
| 17:23 | Research | Stone Mining |
| 18:36 | Age | Castle Age |
| 18:40 | Build | Town Center |
| 18:49 | Create | Villager (Male) |
| 18:58 | Research | Heavy Plow |
| 19:02 | Research | Bow Saw |
| 19:11 | Build | Town Center |
| 19:19 | Create | Villager (Male) |
| 19:39 | Create | Villager (Male) |
| 19:50 | Create | Villager (Male) |
| 19:50 | Create | Villager (Male) |
| 19:56 | Create | Villager (Male) |
| 19:57 | Create | Villager (Male) |
| 20:20 | Build | Farm |
| 20:20 | Build | Farm |
| 20:21 | Build | Farm |
| 20:21 | Build | Farm |
| 20:24 | Create | Villager (Male) |
| 20:24 | Create | Villager (Male) |
| 20:32 | Create | Villager (Male) |
| 20:33 | Create | Villager (Male) |
| 20:46 | Create | Villager (Male) |
| 21:01 | Create | Villager (Male) |
| 21:01 | Create | Villager (Male) |
| 21:16 | Build | Town Center |
| 21:19 | Create | Villager (Male) |
| 21:25 | Build | Farm |
| 21:26 | Build | Farm |
| 21:26 | Build | Farm |
| 21:27 | Build | Farm |
| 21:29 | Create | Villager (Male) |
| 21:38 | Create | Villager (Male) |
| 21:45 | Create | Villager (Male) |
| 22:02 | Build | Town Center |
| 22:06 | Create | Villager (Male) |
| 22:07 | Create | Villager (Male) |
| 22:21 | Build | Farm |
| 22:23 | Build | Farm |
| 22:24 | Build | Farm |
| 22:27 | Build | Farm |
| 22:28 | Build | Farm |
| 22:32 | Create | Villager (Male) |
| 22:32 | Create | Villager (Male) |
| 22:32 | Create | Villager (Male) |
| 22:43 | Create | Villager (Male) |
| 22:48 | Create | Villager (Male) |
| 22:57 | Create | Villager (Male) |
| 23:09 | Create | Villager (Male) |
| 23:10 | Create | Villager (Male) |
| 23:18 | Create | Villager (Male) |
| 23:26 | Create | Villager (Male) |
| 23:31 | Build | Farm |
| 23:32 | Build | Farm |
| 23:32 | Build | Farm |
| 23:34 | Build | Farm |
| 23:37 | Build | Farm |
| 23:37 | Build | Farm |
| 23:40 | Create | Villager (Male) |
| 23:41 | Create | Villager (Male) |
| 23:59 | Create | Villager (Male) |
| 24:00 | Create | Villager (Male) |
| 24:00 | Create | Villager (Male) |
| 24:00 | Create | Villager (Male) |
| 24:14 | Create | Villager (Male) |
| 24:15 | Create | Villager (Male) |
| 24:22 | Create | Villager (Male) |
| 24:37 | Create | Villager (Male) |
| 24:37 | Create | Villager (Male) |
| 24:37 | Create | Villager (Male) |
| 24:48 | Build | Farm |
| 24:49 | Build | Farm |
| 24:50 | Build | Farm |
| 24:51 | Build | Farm |
| 24:54 | Create | Villager (Male) |
| 24:54 | Create | Villager (Male) |
| 24:54 | Create | Villager (Male) |
| 24:55 | Create | Villager (Male) |
Build order — niceplay7
First 150 of 520 actions detected
| 0:01 | Create | Villager (Male) |
| 0:02 | Build | House |
| 0:03 | Build | House |
| 0:26 | Create | Villager (Male) ×3 |
| 0:26 | Create | Villager (Male) ×3 |
| 1:32 | Create | Villager (Male) |
| 1:33 | Create | Villager (Male) |
| 1:47 | Build | Lumber Camp |
| 2:00 | Create | Villager (Male) |
| 2:01 | Create | Villager (Male) |
| 2:21 | Create | Villager (Male) |
| 2:22 | Create | Villager (Male) |
| 2:54 | Create | Villager (Male) |
| 2:54 | Create | Villager (Male) |
| 2:57 | Build | House |
| 3:04 | Create | Villager (Male) |
| 3:04 | Create | Villager (Male) |
| 3:34 | Create | Villager (Male) |
| 3:34 | Create | Villager (Male) |
| 3:57 | Create | Villager (Male) |
| 3:58 | Create | Villager (Male) |
| 4:24 | Create | Villager (Male) ×2 |
| 4:25 | Create | Villager (Male) ×2 |
| 4:48 | Build | House |
| 5:14 | Create | Villager (Male) |
| 5:14 | Create | Villager (Male) |
| 5:34 | Build | Mill |
| 5:53 | Create | Villager (Male) |
| 5:54 | Create | Villager (Male) |
| 6:02 | Create | Villager (Male) ×2 |
| 6:14 | Create | Villager (Male) ×4 |
| 6:14 | Create | Villager (Male) ×4 |
| 6:34 | Create | Villager (Male) |
| 6:34 | Create | Villager (Male) |
| 6:38 | Create | Villager (Male) |
| 6:38 | Create | Villager (Male) |
| 6:58 | Build | Mill |
| 7:01 | Create | Villager (Male) ×2 |
| 7:02 | Create | Villager (Male) ×2 |
| 7:19 | Create | Villager (Male) |
| 7:19 | Create | Villager (Male) |
| 7:26 | Create | Villager (Male) |
| 7:28 | Research | Loom |
| 7:40 | Create | Villager (Male) |
| 7:40 | Research | Loom |
| 8:23 | Research | Feudal Age |
| 8:41 | Build | House |
| 9:14 | Create | Villager (Male) |
| 9:26 | Create | Villager (Male) |
| 9:26 | Create | Villager (Male) |
| 10:59 | Age | Feudal Age |
| 11:05 | Create | Villager (Male) |
| 11:21 | Build | Blacksmith |
| 11:28 | Build | Market |
| 12:04 | Create | Villager (Male) |
| 12:13 | Create | Villager (Male) |
| 12:18 | Build | Mining Camp |
| 12:26 | Create | Villager (Male) |
| 12:34 | Build | House |
| 12:45 | Research | Castle Age |
| 13:26 | Research | Double-Bit Axe |
| 13:27 | Research | Horse Collar |
| 13:41 | Build | House |
| 13:42 | Build | House |
| 13:43 | Build | House |
| 13:44 | Build | House |
| 13:45 | Build | House |
| 14:13 | Build | Farm |
| 14:24 | Build | House |
| 14:26 | Build | House |
| 14:28 | Build | House |
| 14:29 | Build | House |
| 14:30 | Build | House |
| 14:38 | Build | House |
| 14:54 | Create | Villager (Male) |
| 14:54 | Create | Villager (Male) |
| 14:55 | Create | Villager (Male) |
| 15:44 | Age | Castle Age |
| 15:53 | Build | Farm |
| 15:57 | Build | Town Center |
| 16:02 | Create | Villager (Male) |
| 16:20 | Build | Town Center |
| 16:24 | Create | Villager (Male) |
| 16:30 | Build | House |
| 16:46 | Create | Villager (Male) |
| 16:46 | Create | Villager (Male) |
| 16:46 | Create | Villager (Male) |
| 16:47 | Create | Villager (Male) |
| 16:47 | Create | Villager (Male) |
| 16:58 | Build | Farm |
| 17:00 | Build | Farm |
| 17:04 | Build | Farm |
| 17:13 | Create | Villager (Male) |
| 17:31 | Create | Villager (Male) ×5 |
| 17:41 | Build | House |
| 17:42 | Build | House |
| 17:45 | Build | Farm |
| 17:45 | Build | Farm |
| 17:48 | Build | Farm |
| 17:53 | Build | House |
| 17:54 | Build | House |
| 18:09 | Build | Farm |
| 18:11 | Build | Farm |
| 18:12 | Build | Farm |
| 18:14 | Build | Farm |
| 18:15 | Create | Villager (Male) |
| 18:22 | Create | Villager (Male) |
| 18:34 | Build | Farm |
| 18:44 | Build | Farm |
| 18:44 | Build | Farm |
| 18:44 | Build | Farm |
| 18:44 | Build | Farm |
| 18:45 | Build | Farm |
| 18:45 | Build | Farm |
| 18:49 | Create | Villager (Male) |
| 18:59 | Build | House |
| 19:01 | Build | House |
| 19:02 | Build | House |
| 19:03 | Build | House |
| 19:07 | Create | Villager (Male) |
| 19:07 | Create | Villager (Male) |
| 19:07 | Create | Villager (Male) |
| 19:09 | Build | Farm |
| 19:11 | Build | Farm |
| 19:12 | Build | Farm |
| 19:14 | Create | Villager (Male) |
| 19:15 | Create | Villager (Male) |
| 19:42 | Create | Villager (Male) |
| 19:43 | Create | Villager (Male) |
| 19:43 | Create | Villager (Male) |
| 19:48 | Build | Farm |
| 19:49 | Build | Farm |
| 19:56 | Create | Villager (Male) |
| 19:56 | Create | Villager (Male) |
| 19:56 | Create | Villager (Male) |
| 20:02 | Create | Villager (Male) |
| 20:02 | Create | Villager (Male) |
| 20:16 | Build | Farm |
| 20:18 | Build | Farm |
| 20:21 | Build | Farm |
| 20:22 | Create | Villager (Male) |
| 20:23 | Create | Villager (Male) |
| 20:23 | Create | Villager (Male) |
| 20:32 | Create | Villager (Male) |
| 20:32 | Create | Villager (Male) |
| 20:33 | Create | Villager (Male) |
| 20:42 | Build | Mill |
| 20:43 | Build | Farm |
| 20:43 | Build | Farm |
| 20:43 | Build | Farm |
Build order — multishifties
First 150 of 403 actions detected
| 0:01 | Create | Villager (Male) |
| 0:01 | Create | Villager (Male) |
| 0:01 | Create | Villager (Male) |
| 0:01 | Create | Villager (Male) |
| 0:02 | Build | House |
| 0:04 | Build | House |
| 0:26 | Create | Villager (Male) |
| 0:26 | Create | Villager (Male) |
| 1:18 | Create | Villager (Male) |
| 1:19 | Create | Villager (Male) |
| 1:19 | Create | Villager (Male) |
| 1:43 | Build | Lumber Camp |
| 1:50 | Create | Villager (Male) |
| 1:51 | Create | Villager (Male) |
| 2:31 | Create | Villager (Male) |
| 2:31 | Create | Villager (Male) |
| 2:32 | Create | Villager (Male) |
| 3:11 | Create | Villager (Male) |
| 3:11 | Create | Villager (Male) |
| 3:11 | Create | Villager (Male) |
| 3:12 | Create | Villager (Male) |
| 3:34 | Build | House |
| 3:51 | Create | Villager (Male) |
| 3:51 | Create | Villager (Male) |
| 3:51 | Create | Villager (Male) |
| 4:02 | Build | House |
| 4:13 | Create | Villager (Male) |
| 4:14 | Create | Villager (Male) |
| 4:19 | Research | Loom |
| 4:42 | Research | Loom |
| 5:26 | Create | Villager (Male) |
| 5:26 | Create | Villager (Male) |
| 5:26 | Create | Villager (Male) |
| 5:27 | Create | Villager (Male) |
| 5:38 | Build | Mill |
| 5:49 | Build | Mill |
| 6:08 | Create | Villager (Male) |
| 6:08 | Create | Villager (Male) |
| 6:45 | Build | Mill |
| 7:48 | Create | Villager (Male) |
| 7:48 | Create | Villager (Male) |
| 7:48 | Create | Villager (Male) |
| 8:15 | Build | House |
| 8:17 | Build | House |
| 8:26 | Create | Villager (Male) |
| 9:31 | Build | Town Center |
| 10:16 | Create | Villager (Male) |
| 10:16 | Create | Villager (Male) |
| 10:16 | Create | Villager (Male) |
| 10:22 | Build | House |
| 10:23 | Build | House |
| 10:39 | Create | Villager (Male) |
| 10:39 | Create | Villager (Male) |
| 10:40 | Create | Villager (Male) |
| 10:40 | Create | Villager (Male) |
| 10:49 | Build | House |
| 10:50 | Build | House |
| 11:15 | Create | Villager (Male) |
| 11:15 | Create | Villager (Male) |
| 11:15 | Create | Villager (Male) |
| 12:05 | Create | Villager (Male) |
| 12:05 | Create | Villager (Male) |
| 12:06 | Create | Villager (Male) |
| 12:44 | Create | Villager (Male) |
| 12:44 | Create | Villager (Male) |
| 12:45 | Create | Villager (Male) |
| 12:56 | Create | Villager (Male) |
| 12:57 | Create | Villager (Male) |
| 14:11 | Create | Villager (Male) |
| 14:12 | Create | Villager (Male) |
| 14:12 | Create | Villager (Male) |
| 14:12 | Create | Villager (Male) |
| 14:12 | Create | Villager (Male) |
| 14:30 | Create | Villager (Male) |
| 16:21 | Research | Feudal Age |
| 17:06 | Create | Villager (Male) |
| 17:06 | Create | Villager (Male) |
| 17:06 | Create | Villager (Male) |
| 17:10 | Build | Mill |
| 18:04 | Build | Farm |
| 18:04 | Build | Farm |
| 18:21 | Create | Villager (Male) |
| 18:23 | Build | Farm |
| 18:24 | Build | Farm |
| 18:24 | Build | Farm |
| 18:24 | Build | Farm |
| 18:29 | Build | Farm |
| 18:33 | Build | Lumber Camp |
| 18:41 | Age | Feudal Age |
| 18:44 | Research | Wheelbarrow |
| 18:58 | Build | Mill |
| 18:59 | Build | Farm |
| 18:59 | Build | Farm |
| 19:02 | Build | Farm |
| 19:02 | Build | Farm |
| 19:03 | Build | Farm |
| 19:03 | Build | Farm |
| 19:03 | Build | Farm |
| 19:08 | Create | Villager (Male) |
| 19:08 | Create | Villager (Male) |
| 19:48 | Build | Mining Camp |
| 20:15 | Build | Stone Wall |
| 20:42 | Create | Villager (Male) |
| 20:42 | Create | Villager (Male) |
| 21:13 | Build | Stone Wall |
| 21:22 | Create | Villager (Male) |
| 21:22 | Create | Villager (Male) |
| 21:28 | Build | Stone Wall |
| 21:45 | Build | Stone Wall |
| 21:51 | Build | Stone Wall |
| 21:56 | Create | Villager (Male) |
| 22:17 | Build | Market |
| 22:34 | Build | Blacksmith |
| 22:38 | Create | Villager (Male) |
| 22:38 | Create | Villager (Male) |
| 22:39 | Create | Villager (Male) |
| 22:54 | Build | Stone Wall |
| 23:20 | Build | Stone Wall |
| 23:51 | Research | Castle Age |
| 24:34 | Research | Double-Bit Axe |
| 24:35 | Research | Horse Collar |
| 24:37 | Research | Gold Mining |
| 24:37 | Research | Stone Mining |
| 24:43 | Build | Mining Camp |
| 24:52 | Build | Building 673 |
| 24:59 | Create | Villager (Male) |
| 25:00 | Create | Villager (Male) |
| 25:04 | Build | Farm |
| 25:04 | Build | Farm |
| 25:04 | Build | Farm |
| 25:09 | Build | Farm |
| 25:09 | Build | Farm |
| 25:09 | Build | Farm |
| 25:13 | Create | Villager (Male) |
| 25:14 | Create | Villager (Male) |
| 26:02 | Build | Stone Wall |
| 26:13 | Build | Stone Wall |
| 26:14 | Build | Stone Wall |
| 26:15 | Build | Stone Wall |
| 26:25 | Age | Castle Age |
| 26:52 | Build | Town Center |
| 26:59 | Create | Villager (Male) |
| 27:03 | Research | Bow Saw |
| 27:04 | Research | Heavy Plow |
| 27:06 | Research | Gold Shaft Mining |
| 27:06 | Research | Stone Shaft Mining |
| 27:40 | Create | Villager (Male) |
| 27:41 | Create | Villager (Male) |
| 27:41 | Create | Villager (Male) |
| 27:44 | Build | House |
Build order —
37 actions detected in the replay
| 0:00 | Build | House |
| 0:03 | Build | House |
| 1:42 | Build | Lumber Camp |
| 3:21 | Build | Mill |
| 3:22 | Build | Lumber Camp |
| 3:46 | Build | House |
| 5:52 | Research | Tech None |
| 5:52 | Build | House |
| 7:01 | Build | Mining Camp |
| 7:37 | Build | Farm |
| 7:38 | Build | Farm |
| 7:40 | Build | Farm |
| 7:41 | Build | Farm |
| 7:41 | Build | Farm |
| 8:36 | Build | House |
| 8:36 | Build | House |
| 8:41 | Build | House |
| 8:42 | Build | House |
| 8:42 | Build | House |
| 8:42 | Build | House |
| 9:11 | Build | House |
| 9:15 | Build | House |
| 9:27 | Build | Farm |
| 10:06 | Build | Farm |
| 10:09 | Build | Farm |
| 11:28 | Research | Tech None |
| 11:29 | Build | Farm |
| 11:35 | Build | Lumber Camp |
| 11:47 | Build | Lumber Camp |
| 12:20 | Build | Lumber Camp |
| 12:24 | Build | Lumber Camp |
| 12:31 | Build | Lumber Camp |
| 12:33 | Build | Lumber Camp |
| 13:23 | Build | Lumber Camp |
| 13:25 | Build | Lumber Camp |
| 13:27 | Build | Lumber Camp |
| 13:51 | Research | Tech None |
Build order —
First 150 of 309 actions detected
| 0:00 | Build | House |
| 0:03 | Build | House |
| 1:42 | Build | Lumber Camp |
| 3:03 | Build | Mill |
| 3:46 | Build | House |
| 4:18 | Build | Lumber Camp |
| 5:13 | Build | Mill |
| 5:51 | Research | Tech None |
| 5:51 | Build | House |
| 6:50 | Build | Mining Camp |
| 7:58 | Build | House |
| 8:18 | Build | Farm |
| 9:12 | Build | Farm |
| 9:31 | Build | Farm |
| 10:08 | Build | Farm |
| 11:27 | Build | Farm |
| 11:32 | Research | Tech None |
| 11:35 | Build | Farm |
| 11:57 | Build | Farm |
| 12:17 | Build | Farm |
| 12:41 | Build | Farm |
| 12:49 | Build | Farm |
| 13:13 | Build | Farm |
| 13:39 | Build | Lumber Camp |
| 14:04 | Research | Tech None |
| 14:25 | Research | Tech None |
| 14:48 | Build | Farm |
| 15:04 | Research | Tech None |
| 15:23 | Research | Tech None |
| 15:23 | Build | Farm |
| 15:50 | Build | Market |
| 15:58 | Build | House |
| 16:12 | Build | Farm |
| 16:24 | Build | Farm |
| 16:36 | Build | Farm |
| 16:49 | Build | Farm |
| 17:06 | Build | Farm |
| 17:19 | Build | Farm |
| 17:29 | Build | Farm |
| 17:35 | Build | House |
| 18:03 | Build | Blacksmith |
| 18:19 | Build | Farm |
| 18:41 | Build | Lumber Camp |
| 18:45 | Research | Tech None |
| 18:45 | Build | House |
| 20:14 | Build | Barracks |
| 20:49 | Build | Barracks |
| 21:17 | Build | Archery Range |
| 21:26 | Research | Tech None |
| 21:26 | Research | Tech None |
| 21:26 | Build | Castle |
| 21:27 | Build | Town Center |
| 21:46 | Research | Tech None |
| 21:58 | Build | Mining Camp |
| 22:42 | Research | Tech None |
| 22:42 | Create | Huskarl |
| 22:44 | Build | Farm |
| 22:44 | Create | Cavalry Archer |
| 22:59 | Build | Town Center |
| 23:27 | Create | Huskarl |
| 23:36 | Build | Farm |
| 23:46 | Build | Farm |
| 23:54 | Build | Farm |
| 23:58 | Build | Farm |
| 24:04 | Build | Farm |
| 24:09 | Build | Farm |
| 24:17 | Build | Farm |
| 24:22 | Build | Farm |
| 24:28 | Build | Farm |
| 24:36 | Build | Farm |
| 25:02 | Build | Farm |
| 25:11 | Create | Huskarl |
| 25:24 | Create | Huskarl |
| 25:32 | Research | Tech None |
| 25:34 | Research | Tech None |
| 25:34 | Build | House |
| 25:36 | Build | House |
| 25:40 | Build | Farm |
| 25:41 | Build | Farm |
| 25:50 | Build | Farm |
| 25:53 | Create | Huskarl |
| 26:01 | Build | Farm |
| 26:05 | Research | Tech None |
| 26:19 | Build | Town Center |
| 26:30 | Create | Huskarl |
| 26:41 | Build | Farm |
| 26:47 | Build | Farm |
| 26:52 | Build | Farm |
| 26:58 | Build | Lumber Camp |
| 27:06 | Create | Huskarl |
| 27:07 | Create | Cavalry Archer |
| 27:16 | Build | Farm |
| 27:17 | Create | Huskarl |
| 27:19 | Build | House |
| 27:20 | Build | House |
| 27:26 | Research | Tech None |
| 27:38 | Create | Cavalry Archer |
| 27:41 | Build | Farm |
| 27:45 | Build | Farm |
| 27:49 | Create | Huskarl |
| 28:00 | Create | Huskarl |
| 28:09 | Build | Farm |
| 28:12 | Create | Huskarl |
| 28:14 | Create | Cavalry Archer |
| 28:24 | Create | Huskarl |
| 28:32 | Build | Farm |
| 28:36 | Create | Huskarl |
| 28:41 | Build | Farm |
| 28:47 | Create | Cavalry Archer |
| 28:47 | Research | Tech None |
| 28:51 | Create | Huskarl |
| 29:00 | Build | Farm |
| 29:03 | Build | Farm |
| 29:04 | Create | Huskarl |
| 29:05 | Build | Farm |
| 29:16 | Create | Huskarl |
| 29:18 | Create | Cavalry Archer |
| 29:27 | Create | Huskarl |
| 29:28 | Build | Farm |
| 29:32 | Build | Farm |
| 29:38 | Build | House |
| 29:39 | Create | Huskarl |
| 29:41 | Build | House |
| 29:47 | Build | Farm |
| 29:51 | Build | Farm |
| 29:56 | Build | Monastery |
| 29:59 | Build | Farm |
| 30:06 | Build | Mining Camp |
| 30:24 | Build | Farm |
| 30:27 | Research | Tech None |
| 30:28 | Create | Spearman |
| 30:28 | Build | Archery Range |
| 30:30 | Create | Monk |
| 30:30 | Create | Spearman |
| 30:39 | Build | University |
| 30:48 | Research | Tech None |
| 30:49 | Create | Spearman |
| 30:49 | Build | Stable |
| 31:03 | Build | Farm |
| 31:07 | Create | Spearman |
| 31:08 | Research | Tech None |
| 31:16 | Build | Farm |
| 31:18 | Research | Tech None |
| 31:24 | Build | Lumber Camp |
| 31:28 | Build | Farm |
| 31:39 | Build | House |
| 31:42 | Build | House |
| 31:50 | Research | Tech None |
| 31:56 | Research | Tech None |
| 32:01 | Build | Lumber Camp |
Build order —
66 actions detected in the replay
| 1:42 | Build | Lumber Camp |
| 3:50 | Build | Mill |
| 4:37 | Build | Lumber Camp |
| 5:37 | Build | Mill |
| 5:51 | Research | Tech None |
| 7:03 | Build | Mining Camp |
| 7:37 | Build | Farm |
| 7:38 | Build | Farm |
| 10:04 | Build | Lumber Camp |
| 10:04 | Build | Lumber Camp |
| 10:10 | Build | Farm |
| 11:30 | Build | Farm |
| 11:34 | Build | Farm |
| 11:49 | Build | Farm |
| 12:06 | Build | Farm |
| 12:16 | Build | Farm |
| 12:39 | Build | Farm |
| 13:05 | Build | Farm |
| 13:12 | Build | Farm |
| 13:34 | Build | Farm |
| 14:03 | Build | Lumber Camp |
| 14:21 | Build | Farm |
| 15:04 | Build | Lumber Camp |
| 15:28 | Build | Lumber Camp |
| 15:30 | Build | Farm |
| 16:06 | Build | Lumber Camp |
| 16:08 | Build | Lumber Camp |
| 16:11 | Build | Lumber Camp |
| 16:13 | Build | Lumber Camp |
| 16:16 | Build | Lumber Camp |
| 17:13 | Build | Lumber Camp |
| 17:15 | Build | Lumber Camp |
| 17:18 | Build | Lumber Camp |
| 17:24 | Build | Lumber Camp |
| 17:29 | Build | Lumber Camp |
| 17:45 | Build | Farm |
| 17:49 | Build | Lumber Camp |
| 18:06 | Build | Lumber Camp |
| 18:40 | Build | Lumber Camp |
| 18:44 | Build | Farm |
| 18:53 | Build | Farm |
| 18:54 | Build | Farm |
| 19:21 | Build | Lumber Camp |
| 20:13 | Build | Barracks |
| 20:35 | Build | Farm |
| 20:36 | Build | Farm |
| 20:37 | Build | Farm |
| 20:39 | Build | Farm |
| 21:33 | Build | Lumber Camp |
| 22:37 | Build | Farm |
| 22:40 | Build | Farm |
| 22:41 | Build | Farm |
| 22:42 | Build | Farm |
| 26:59 | Build | Farm |
| 27:00 | Build | Farm |
| 27:01 | Build | Farm |
| 27:02 | Build | Farm |
| 27:07 | Build | Farm |
| 29:19 | Build | Farm |
| 29:20 | Build | Farm |
| 29:21 | Build | Farm |
| 29:22 | Build | Farm |
| 31:14 | Build | Farm |
| 31:16 | Build | Farm |
| 31:17 | Build | Farm |
| 31:18 | Build | Farm |
Build order —
99 actions detected in the replay
| 0:00 | Build | House |
| 0:02 | Build | House |
| 1:42 | Build | Lumber Camp |
| 3:17 | Build | Mill |
| 3:46 | Build | House |
| 4:30 | Build | Lumber Camp |
| 5:34 | Build | Mill |
| 5:51 | Research | Tech None |
| 5:51 | Build | House |
| 7:03 | Build | Mining Camp |
| 7:26 | Build | Farm |
| 7:51 | Build | Farm |
| 8:36 | Build | House |
| 8:36 | Build | House |
| 8:44 | Build | House |
| 11:25 | Build | Lumber Camp |
| 11:26 | Build | Lumber Camp |
| 11:33 | Build | Farm |
| 11:39 | Build | Farm |
| 11:47 | Build | Farm |
| 11:51 | Build | Farm |
| 11:53 | Build | Farm |
| 11:55 | Build | Lumber Camp |
| 12:00 | Build | Farm |
| 12:29 | Build | Farm |
| 12:50 | Build | Farm |
| 12:59 | Build | Farm |
| 13:25 | Build | Farm |
| 13:38 | Build | Farm |
| 14:10 | Build | Lumber Camp |
| 15:32 | Build | Lumber Camp |
| 15:34 | Build | Lumber Camp |
| 15:35 | Build | Lumber Camp |
| 15:37 | Build | Lumber Camp |
| 15:38 | Build | Farm |
| 15:39 | Build | Lumber Camp |
| 15:41 | Build | Lumber Camp |
| 15:43 | Build | Lumber Camp |
| 15:45 | Build | Lumber Camp |
| 15:47 | Build | Lumber Camp |
| 15:50 | Build | Lumber Camp |
| 15:51 | Build | Lumber Camp |
| 15:53 | Build | Lumber Camp |
| 15:56 | Build | Lumber Camp |
| 15:58 | Build | Lumber Camp |
| 16:01 | Build | Lumber Camp |
| 16:03 | Build | Lumber Camp |
| 16:04 | Build | Farm |
| 16:27 | Build | Farm |
| 16:28 | Build | Farm |
| 18:11 | Build | Lumber Camp |
| 19:08 | Build | Lumber Camp |
| 19:54 | Build | Farm |
| 19:55 | Build | Farm |
| 19:56 | Build | Farm |
| 19:58 | Build | Farm |
| 19:58 | Build | Lumber Camp |
| 20:00 | Build | Farm |
| 20:57 | Build | Lumber Camp |
| 21:38 | Build | Lumber Camp |
| 22:07 | Build | Farm |
| 22:11 | Build | Farm |
| 22:12 | Build | Farm |
| 22:13 | Build | Farm |
| 22:14 | Build | Farm |
| 22:20 | Build | Lumber Camp |
| 23:00 | Build | Lumber Camp |
| 23:34 | Build | Lumber Camp |
| 24:11 | Build | Lumber Camp |
| 24:56 | Build | Lumber Camp |
| 25:36 | Build | Lumber Camp |
| 26:13 | Build | Lumber Camp |
| 26:29 | Build | Farm |
| 26:31 | Build | Farm |
| 26:52 | Build | Lumber Camp |
| 27:30 | Build | Lumber Camp |
| 27:55 | Build | Farm |
| 27:59 | Build | Farm |
| 28:00 | Build | Farm |
| 28:01 | Build | Farm |
| 28:02 | Build | Farm |
| 28:07 | Build | Farm |
| 28:29 | Build | Lumber Camp |
| 29:08 | Build | Lumber Camp |
| 29:47 | Build | Lumber Camp |
| 30:40 | Build | Lumber Camp |
| 30:42 | Build | Farm |
| 30:45 | Build | Farm |
| 30:46 | Build | Farm |
| 30:47 | Build | Farm |
| 30:48 | Build | Farm |
| 30:48 | Build | Farm |
| 31:25 | Build | Lumber Camp |
| 31:37 | Build | Lumber Camp |
| 32:38 | Build | Lumber Camp |
| 33:45 | Build | Lumber Camp |
| 34:29 | Build | Lumber Camp |
| 34:58 | Build | Lumber Camp |
| 35:08 | Build | Lumber Camp |
Match timeline
| 10:12 | Dirty Dancer · age_up feudal |
| 10:59 | niceplay7 · age_up feudal |
| 12:31 | Dirty Dancer · wall_segment Stone Wall x1 |
| 12:32 | Dirty Dancer · wall_segment Stone Wall x1 |
| 12:40 | niceplay7 · first_market_sell 100 wood |
| 12:48 | Dirty Dancer · wall_segment Stone Wall x1 |
| 12:48 | Dirty Dancer · wall_segment Stone Wall x1 |
| 12:59 | Dirty Dancer · wall_segment Stone Wall x1 |
| 12:59 | Dirty Dancer · wall_segment Stone Wall x1 |
| 13:00 | Dirty Dancer · wall_segment Stone Wall x1 |
| 13:00 | Dirty Dancer · wall_segment Stone Wall x1 |
| 13:01 | Dirty Dancer · wall_segment Stone Wall x1 |
| 13:01 | Dirty Dancer · wall_segment Stone Wall x1 |
| 13:06 | Dirty Dancer · wall_segment Stone Wall x1 |
| 13:07 | Dirty Dancer · wall_segment Stone Wall x1 |
| 13:17 | Dirty Dancer · wall_segment Stone Wall x1 |
| 13:18 | Dirty Dancer · wall_segment Stone Wall x1 |
| 13:18 | Dirty Dancer · wall_segment Stone Wall x1 |
| 13:19 | Dirty Dancer · wall_segment Stone Wall x1 |
| 13:19 | Dirty Dancer · wall_segment Stone Wall x1 |
| 13:20 | Dirty Dancer · wall_segment Stone Wall x1 |
| 13:21 | Dirty Dancer · wall_segment Stone Wall x1 |
| 13:36 | Dirty Dancer · wall_segment Stone Wall x1 |
| 13:36 | Dirty Dancer · wall_segment Stone Wall x1 |
| 13:37 | Dirty Dancer · wall_segment Stone Wall x1 |
| 13:37 | Dirty Dancer · wall_segment Stone Wall x1 |
| 13:38 | Dirty Dancer · wall_segment Stone Wall x1 |
| 13:38 | Dirty Dancer · wall_segment Stone Wall x1 |
| 13:38 | Dirty Dancer · wall_segment Stone Wall x1 |
| 13:39 | Dirty Dancer · wall_segment Stone Wall x1 |
| 13:39 | Dirty Dancer · wall_segment Stone Wall x1 |
| 14:26 | noob · age_up feudal |
| 15:44 | niceplay7 · age_up castle |
| 15:46 | Dirty Dancer · wall_segment Stone Wall x1 |
| 15:46 | Dirty Dancer · wall_segment Stone Wall x1 |
| 15:54 | Dirty Dancer · wall_segment Stone Wall x1 |
| 15:57 | Dirty Dancer · wall_segment Stone Wall x2 |
| 15:58 | Dirty Dancer · wall_segment Stone Wall x1 |
| 16:19 | Dirty Dancer · wall_segment Stone Wall x1 |
| 16:20 | Dirty Dancer · wall_segment Stone Wall x1 |
| 16:20 | Dirty Dancer · wall_segment Stone Wall x1 |
| 16:20 | Dirty Dancer · wall_segment Stone Wall x1 |
| 16:21 | Dirty Dancer · wall_segment Stone Wall x1 |
| 16:21 | Dirty Dancer · wall_segment Stone Wall x1 |
| 16:25 | Dirty Dancer · wall_segment Stone Wall x1 |
| 16:25 | Dirty Dancer · wall_segment Stone Wall x1 |
| 16:26 | Dirty Dancer · wall_segment Stone Wall x1 |
| 16:26 | Dirty Dancer · wall_segment Stone Wall x1 |
| 16:27 | Dirty Dancer · wall_segment Stone Wall x1 |
| 16:27 | Dirty Dancer · wall_segment Stone Wall x1 |
| 16:30 | · first_market_sell 100 food |
| 17:00 | Dirty Dancer · wall_segment Stone Wall x1 |
| 17:01 | Dirty Dancer · wall_segment Stone Wall x1 |
| 17:15 | Dirty Dancer · wall_segment Stone Wall x7 |
| 18:36 | noob · age_up castle |
| 18:41 | multishifties · age_up feudal |
| 18:43 | Dirty Dancer · wall_segment Stone Wall x1 |
| 19:04 | Dirty Dancer · wall_segment Stone Wall x1 |
| 19:06 | Dirty Dancer · wall_segment Stone Wall x1 |
| 19:07 | Dirty Dancer · wall_segment Stone Wall x1 |
| 20:11 | Dirty Dancer · wall_segment Stone Wall x1 |
| 20:12 | Dirty Dancer · wall_segment Stone Wall x1 |
| 20:13 | · first_building Barracks |
| 20:14 | · first_building Barracks |
| 20:15 | multishifties · wall_segment Stone Wall x30 |
| 20:31 | Dirty Dancer · wall_segment Stone Wall x1 |
| 20:31 | Dirty Dancer · wall_segment Stone Wall x1 |
| 20:31 | Dirty Dancer · wall_segment Stone Wall x1 |
| 20:32 | Dirty Dancer · wall_segment Stone Wall x1 |
| 20:32 | Dirty Dancer · wall_segment Stone Wall x1 |
| 20:33 | Dirty Dancer · wall_segment Stone Wall x1 |
| 20:48 | Dirty Dancer · wall_segment Stone Wall x1 |
| 20:49 | Dirty Dancer · wall_segment Stone Wall x1 |
| 21:13 | multishifties · wall_segment Stone Wall x9 |
| 21:17 | Dirty Dancer · wall_segment Stone Wall x1 |
| 21:17 | Dirty Dancer · wall_segment Stone Wall x2 |
| 21:17 | · first_building Archery Range |
| 21:18 | Dirty Dancer · wall_segment Stone Wall x1 |
| 21:18 | Dirty Dancer · wall_segment Stone Wall x1 |
| 21:19 | Dirty Dancer · wall_segment Stone Wall x1 |
| 21:19 | Dirty Dancer · wall_segment Stone Wall x1 |
| 21:20 | Dirty Dancer · wall_segment Stone Wall x1 |
| 21:26 | · first_building Castle |
| 21:28 | multishifties · wall_segment Stone Wall x4 |
| 21:45 | multishifties · wall_segment Stone Wall x8 |
| 21:47 | Dirty Dancer · wall_segment Stone Wall x14 |
| 21:51 | multishifties · wall_segment Stone Wall x18 |
| 21:53 | Dirty Dancer · age_up castle |
| 22:19 | Dirty Dancer · wall_segment Stone Wall x1 |
| 22:20 | Dirty Dancer · wall_segment Stone Wall x1 |
| 22:21 | Dirty Dancer · wall_segment Stone Wall x1 |
| 22:22 | Dirty Dancer · wall_segment Stone Wall x6 |
| 22:24 | Dirty Dancer · wall_segment Stone Wall x4 |
| 22:38 | niceplay7 · wall_segment Stone Wall x2 |
| 22:47 | niceplay7 · wall_segment Stone Wall x4 |
| 22:50 | niceplay7 · wall_segment Stone Wall x21 |
| 22:54 | multishifties · wall_segment Stone Wall x15 |
| 23:02 | niceplay7 · first_market_buy 100 stone |
| 23:20 | multishifties · wall_segment Stone Wall x12 |
| 23:42 | Dirty Dancer · tribute_sent a jugador 1 |
| 23:42 | Dirty Dancer · tribute_sent a jugador 2 |
| 23:42 | Dirty Dancer · tribute_sent a jugador 4 |
| 23:42 | Dirty Dancer · tribute_sent a jugador 5 |
| 23:42 | Dirty Dancer · tribute_sent a jugador 6 |
| 23:42 | Dirty Dancer · tribute_sent a jugador 7 |
| 23:42 | Dirty Dancer · tribute_sent a jugador 8 |
| 23:51 | niceplay7 · wall_segment Stone Wall x21 |
| 24:21 | Dirty Dancer · first_building Castle |
| 24:41 | niceplay7 · wall_segment Stone Wall x9 |
| 24:46 | Dirty Dancer · first_building Barracks |
| 25:03 | · first_market_buy 100 food |
| 25:42 | niceplay7 · wall_segment Stone Wall x1 |
| 25:45 | niceplay7 · wall_segment Stone Wall x13 |
| 25:46 | Dirty Dancer · wall_segment Stone Wall x6 |
| 25:47 | Dirty Dancer · wall_segment Stone Wall x2 |
| 26:02 | multishifties · wall_segment Stone Wall x11 |
| 26:13 | multishifties · wall_segment Stone Wall x3 |
| 26:14 | multishifties · wall_segment Stone Wall x6 |
| 26:15 | multishifties · wall_segment Stone Wall x3 |
| 26:24 | Dirty Dancer · wall_segment Stone Wall x10 |
| 26:25 | Dirty Dancer · wall_segment Stone Wall x2 |
| 26:25 | multishifties · age_up castle |
| 26:42 | niceplay7 · wall_segment Stone Wall x7 |
| 26:49 | niceplay7 · wall_segment Stone Wall x20 |
| 27:29 | niceplay7 · wall_segment Stone Wall x3 |
| 27:58 | multishifties · first_building Castle |
| 28:30 | niceplay7 · wall_segment Stone Wall x6 |
| 28:36 | niceplay7 · wall_segment Stone Wall x6 |
| 28:37 | noob · first_building Siege Workshop |
| 28:40 | niceplay7 · wall_segment Stone Wall x11 |
| 28:53 | noob · first_building Castle |
| 28:54 | Dirty Dancer · wall_segment Stone Wall x5 |
| 29:20 | noob · first_building Barracks |
| 29:47 | niceplay7 · wall_segment Stone Wall x9 |
| 29:51 | multishifties · first_building Siege Workshop |
| 29:56 | · first_building Monastery |
| 29:58 | niceplay7 · wall_segment Stone Wall x9 |
| 30:16 | niceplay7 · first_building Monastery |
| 30:22 | niceplay7 · first_building Barracks |
| 30:25 | noob · first_building Archery Range |
| 30:28 | noob · first_building Stable |
| 30:38 | Dirty Dancer · wall_segment Stone Wall x13 |
| 30:46 | niceplay7 · wall_segment Stone Wall x12 |
| 30:49 | · first_building Stable |
| 31:24 | niceplay7 · wall_segment Stone Wall x2 |
| 31:26 | Dirty Dancer · wall_segment Stone Wall x12 |
| 31:26 | niceplay7 · wall_segment Stone Wall x5 |
| 31:36 | niceplay7 · wall_segment Stone Wall x6 |
| 31:41 | niceplay7 · wall_segment Stone Wall x13 |
| 31:49 | niceplay7 · first_building Stable |
| 33:06 | multishifties · first_building Monastery |
| 33:27 | noob · age_up imperial |
| 33:28 | Dirty Dancer · wall_segment Stone Wall x22 |
| 33:36 | niceplay7 · wall_segment Stone Wall x14 |
| 33:41 | niceplay7 · wall_segment Stone Wall x19 |
| 33:44 | Dirty Dancer · first_building Archery Range |
| 33:57 | niceplay7 · wall_segment Stone Wall x7 |
| 34:00 | niceplay7 · wall_segment Stone Wall x13 |
| 34:16 | niceplay7 · first_building Siege Workshop |
| 34:20 | niceplay7 · age_up imperial |
| 34:52 | Dirty Dancer · first_building Siege Workshop |
| 34:54 | niceplay7 · wall_segment Stone Wall x20 |
| 35:10 | niceplay7 · wall_segment Stone Wall x4 |
| 35:11 | niceplay7 · wall_segment Stone Wall x1 |
| 35:14 | niceplay7 · wall_segment Stone Wall x6 |
| 35:40 | · resign |
| 36:25 | · first_building Siege Workshop |
| 37:00 | Dirty Dancer · first_building Monastery |
| 37:02 | noob · tribute_sent a jugador 2 |
| 37:02 | noob · tribute_sent a jugador 3 |
| 37:02 | noob · tribute_sent a jugador 4 |
| 37:02 | noob · tribute_sent a jugador 5 |
| 37:02 | noob · tribute_sent a jugador 6 |
| 37:02 | noob · tribute_sent a jugador 7 |
| 37:02 | noob · tribute_sent a jugador 8 |
| 37:52 | niceplay7 · first_building Castle |
| 39:24 | noob · tribute_sent a jugador 2 |
| 39:24 | noob · tribute_sent a jugador 3 |
| 39:24 | noob · tribute_sent a jugador 4 |
| 39:24 | noob · tribute_sent a jugador 5 |
| 39:24 | noob · tribute_sent a jugador 6 |
| 39:24 | noob · tribute_sent a jugador 7 |
| 39:24 | noob · tribute_sent a jugador 8 |
| 39:43 | niceplay7 · tribute_sent a jugador 1 |
| 39:43 | niceplay7 · tribute_sent a jugador 3 |
| 39:43 | niceplay7 · tribute_sent a jugador 4 |
| 39:43 | niceplay7 · tribute_sent a jugador 5 |
| 39:43 | niceplay7 · tribute_sent a jugador 6 |
| 39:43 | niceplay7 · tribute_sent a jugador 7 |
| 39:43 | niceplay7 · tribute_sent a jugador 8 |
| 39:59 | Dirty Dancer · age_up imperial |
| 40:55 | noob · tribute_sent a jugador 2 |
| 40:55 | noob · tribute_sent a jugador 3 |
| 40:55 | noob · tribute_sent a jugador 4 |
| 40:55 | noob · tribute_sent a jugador 5 |
| 40:55 | noob · tribute_sent a jugador 6 |
| 40:55 | noob · tribute_sent a jugador 7 |
| 40:55 | noob · tribute_sent a jugador 8 |
| 41:22 | niceplay7 · tribute_sent a jugador 1 |
| 41:22 | niceplay7 · tribute_sent a jugador 3 |
| 41:22 | niceplay7 · tribute_sent a jugador 4 |
| 41:22 | niceplay7 · tribute_sent a jugador 5 |
| 41:22 | niceplay7 · tribute_sent a jugador 6 |
| 41:22 | niceplay7 · tribute_sent a jugador 7 |
| 41:22 | niceplay7 · tribute_sent a jugador 8 |
| 42:06 | noob · tribute_sent a jugador 2 |
| 42:06 | noob · tribute_sent a jugador 3 |
| 42:06 | noob · tribute_sent a jugador 4 |
| 42:06 | noob · tribute_sent a jugador 5 |
| 42:06 | noob · tribute_sent a jugador 6 |
| 42:06 | noob · tribute_sent a jugador 7 |
| 42:06 | noob · tribute_sent a jugador 8 |
| 42:23 | noob · tribute_sent a jugador 2 |
| 42:23 | noob · tribute_sent a jugador 3 |
| 42:23 | noob · tribute_sent a jugador 4 |
| 42:23 | noob · tribute_sent a jugador 5 |
| 42:23 | noob · tribute_sent a jugador 6 |
| 42:23 | noob · tribute_sent a jugador 7 |
| 42:23 | noob · tribute_sent a jugador 8 |
| 42:28 | noob · tribute_sent a jugador 2 |
| 42:28 | noob · tribute_sent a jugador 3 |
| 42:28 | noob · tribute_sent a jugador 4 |
| 42:28 | noob · tribute_sent a jugador 5 |
| 42:28 | noob · tribute_sent a jugador 6 |
| 42:28 | noob · tribute_sent a jugador 7 |
| 42:28 | noob · tribute_sent a jugador 8 |
| 42:32 | niceplay7 · tribute_sent a jugador 1 |
| 42:32 | niceplay7 · tribute_sent a jugador 3 |
| 42:32 | niceplay7 · tribute_sent a jugador 4 |
| 42:32 | niceplay7 · tribute_sent a jugador 5 |
| 42:32 | niceplay7 · tribute_sent a jugador 6 |
| 42:32 | niceplay7 · tribute_sent a jugador 7 |
| 42:32 | niceplay7 · tribute_sent a jugador 8 |
| 42:35 | noob · tribute_sent a jugador 2 |
| 42:35 | noob · tribute_sent a jugador 3 |
| 42:35 | noob · tribute_sent a jugador 4 |
| 42:35 | noob · tribute_sent a jugador 5 |
| 42:36 | noob · tribute_sent a jugador 6 |
| 42:36 | noob · tribute_sent a jugador 7 |
| 42:36 | noob · tribute_sent a jugador 8 |
| 43:20 | multishifties · first_market_buy 500 stone |
| 43:24 | noob · tribute_sent a jugador 2 |
| 43:24 | noob · tribute_sent a jugador 3 |
| 43:24 | noob · tribute_sent a jugador 4 |
| 43:24 | noob · tribute_sent a jugador 5 |
| 43:24 | noob · tribute_sent a jugador 6 |
| 43:24 | noob · tribute_sent a jugador 7 |
| 43:24 | noob · tribute_sent a jugador 8 |
| 43:30 | multishifties · age_up imperial |
| 43:42 | noob · tribute_sent a jugador 2 |
| 43:42 | noob · tribute_sent a jugador 3 |
| 43:42 | noob · tribute_sent a jugador 4 |
| 43:42 | noob · tribute_sent a jugador 5 |
| 43:42 | noob · tribute_sent a jugador 6 |
| 43:42 | noob · tribute_sent a jugador 7 |
| 43:42 | noob · tribute_sent a jugador 8 |
| 43:58 | noob · tribute_sent a jugador 2 |
| 43:58 | noob · tribute_sent a jugador 3 |
| 43:58 | noob · tribute_sent a jugador 4 |
| 43:58 | noob · tribute_sent a jugador 5 |
| 43:58 | noob · tribute_sent a jugador 6 |
| 43:58 | noob · tribute_sent a jugador 7 |
| 43:58 | noob · tribute_sent a jugador 8 |
| 44:06 | noob · tribute_sent a jugador 2 |
| 44:06 | noob · tribute_sent a jugador 3 |
| 44:06 | noob · tribute_sent a jugador 4 |
| 44:06 | noob · tribute_sent a jugador 5 |
| 44:06 | noob · tribute_sent a jugador 6 |
| 44:06 | noob · tribute_sent a jugador 7 |
| 44:06 | noob · tribute_sent a jugador 8 |
[ AI ANALYSIS · 1 CREDIT ]
What really happened in this match?
Wolo.gg analyzes every decision: build order, eco, micro, common mistakes by bracket. Personalized analysis on WhatsApp or Discord in 30 seconds.
Civ guide
Chinese
Map guide
Arena
Perfil
Dirty Dancer